AoeStats
← weritox69

Pilgrims

510069516Analyzed
4v4 RM · 2d ago on Sep 29, 2026· 41m 1s· 8 players
Game mode
Random Map
Map size
Large (8 player)
Population
200
Speed
Normal
Resources
Standard
Victory
Conquest
Starting age
Dark Age
Ending age
Imperial Age
RankedLock teamsTeams togetherTeam positionsShared explorationLock speedFull tech treeHidden civsTurbo modeCheats
Victory
Defeat
🇧🇪 Varangians · Belgium
1067
+14
🇧🇷 Spanish · Brazil
1059
+15
🇨🇱 Armenians · Chile
970
+18
🇩🇪 Japanese · Germany
906
+21
🇺🇸 Portuguese · United States
1078
-19
🇮🇳 Huns · India
1025
-17
🇦🇺 Spanish · Australia
1002
-16
🇻🇳 Vietnamese · Vietnam
993
-16
Victor_Wembanyama
7:42 Loom
10:05 Feudal Age
17:46 Castle Age
17:10 Double-Bit Axe
17:50 Gold Mining
19:17 Husbandry
19:27 Bloodlines
19:51 Bow Saw
20:19 Wheelbarrow
20:54 Forging
20:51 Scale Barding Armor
20:43 Horse Collar
22:43 Heavy Plow
27:50 Imperial Age
26:33 Hand Cart
28:27 Iron Casting
28:12 Chain Barding Armor
28:06 Cavalier
31:02 Paladin
35:03 Blast Furnace
35:20 Plate Barding Armor
bvinh6112
9:20 Loom
11:29 Feudal Age
13:20 Double-Bit Axe
15:55 Castle Age
14:32 Fishing Lines
14:49 Fishing Lines
16:08 Fletching
17:11 Medium Warships
17:41 Bodkin Arrow
19:04 Bow Saw
18:45 Gold Mining
19:16 Padded Archer Armor
19:19 Gillnets
21:56 Leather Archer Armor
28:03 Wheelbarrow
30:46 Hand Cart
38:38 Imperial Age
40:25 Chemistry
40:43 Bracer
QUANTW7175
5:12 Loom
14:34 Feudal Age
16:10 Wheelbarrow
15:24 Double-Bit Axe
15:24 Horse Collar
15:41 Fishing Lines
21:20 Fletching
21:30 Padded Archer Armor
24:26 Castle Age
23:31 Forging
23:22 Scale Mail Armor
26:45 Leather Archer Armor
26:25 Bodkin Arrow
26:34 Elite Skirmisher
29:14 Hand Cart
kwik
Wimvdm91
10:45 Feudal Age
11:21 Double-Bit Axe
17:42 Fishing Lines
22:17 Castle Age
23:27 Medium Warships
26:07 Husbandry
26:17 Bloodlines
27:48 Gillnets
27:37 Vendel Legacy
29:24 Forging
31:11 Scale Barding Armor
35:01 Wheelbarrow
38:03 Imperial Age
36:32 Ballistics
36:38 Squires
38:05 Iron Casting
40:24 Elite Varangian Guard
41:37 Scale Mail Armor
Angry Wolves
9:25 Loom
12:05 Feudal Age
17:02 Castle Age
15:46 Double-Bit Axe
16:17 Horse Collar
17:55 Bow Saw
20:52 Heavy Plow
22:44 Wheelbarrow
28:22 Hand Cart
30:23 Town Watch
33:26 Imperial Age
32:49 Scale Barding Armor
32:57 Bloodlines
32:48 Husbandry
33:13 Fletching
33:24 Padded Archer Armor
33:52 Elite Conquistador
34:53 Conscription
35:50 Chain Barding Armor
37:32 Cavalier
39:26 Supremacy
weritox69
12:57 Feudal Age
13:29 Double-Bit Axe
13:40 Fishing Lines
17:32 Castle Age
15:18 Loom
15:19 Town Watch
16:38 Gold Mining
16:42 Stone Mining
19:28 Bow Saw
19:53 Gold Shaft Mining
23:27 Fletching
24:18 Wheelbarrow
25:52 Ballistics
25:38 Padded Archer Armor
25:33 Bodkin Arrow
28:21 Hand Cart
28:06 Town Patrol
29:22 Leather Archer Armor
32:45 Imperial Age
31:25 Treadmill Crane
31:56 Masonry
33:35 Bracer
34:06 Ring Archer Armor
32:59 Elite Composite Bowman
34:00 Conscription
33:10 Capped Ram
36:33 Pikeman
37:14 Squires
37:00 Gambesons
37:27 Forging
37:17 Scale Mail Armor
38:40 Siege Ram
Raven
7:28 Loom
11:26 Feudal Age
11:55 Double-Bit Axe
13:22 Wheelbarrow
12:46 Fishing Lines
14:32 Town Watch
14:42 Horse Collar
22:11 Castle Age
21:25 Stone Mining
21:36 Fletching
21:58 Forging
21:48 Scale Mail Armor
21:12 Man-at-Arms
22:57 Heavy Plow
23:08 Bow Saw
27:53 Medium Warships
28:46 Gillnets
29:09 Long Swordsman
32:00 Gold Mining
36:01 Imperial Age
34:05 Hand Cart
33:56 Squires
35:53 Murder Holes
36:18 Ballistics
35:49 Guard Tower
36:01 Bodkin Arrow
36:00 Gambesons
38:07 Two-Man Saw
37:53 Heavy Warships
37:20 Arrowslits
38:13 Town Patrol
38:54 Keep
39:20 Chemistry
40:23 Conscription
40:07 Yasama
40:44 Hoardings
40:49 Clinker Construction
42:03 Iron Casting
41:43 Chain Mail Armor
40:54 Two-Handed Swordsman
Connection lost

Rejoining the realm…

Still unreachable

The connection could not be restored.

Session expired

The server has moved on; the page needs a fresh start.